[Event "Seniors-LEM-50 Sachsen-Anhalt 2024"]
[Site "Magdeburg"]
[Date "2024.07.01"]
[Round "1.15"]
[White "Ehrich, Dieter"]
[Black "Mitschka, Manfred"]
[Result "1/2-1/2"]
[ECO "A40"]
[WhiteElo "1719"]
[BlackElo "1863"]
[Annotator "NA RC"]
[PlyCount "53"]
[EventDate "2024.06.25"]
[EventType "swiss"]
[EventCountry "GER"]
[SourceTitle "playchess.com"]
[Source "ChessBase"]
[SourceQuality "1"]
[TimeControl "40/5400+30:1800+30"]

1. c4 b6 2. d4 e6 3. e4 Bb7 4. Nc3 Bb4 5. Bd3 f5 6. Bd2 {[%emt 0:11:39] A40: Unusual replies to 1 d4.} Nf6 7. d5 fxe4 8. Nxe4 Bxd2+ 9. Nxd2 Na6 10. Ngf3 Nc5 11. Bc2 exd5 12. O-O O-O 13. b4 Na6 14. Qb1 h6 15. Ne5 c5 16. cxd5 Nxb4 $17 (16... cxb4 17. d6 Nc5 18. Re1 $11 (18. Qxb4 Nd5 $11)) 17. d6 Nxc2 18. Qxc2 Nh5 (18... Nd5 $17 19. Qb3 Re8 (19... Qg5 20. Ndf3 $17)) 19. Qc4+ Kh7 20. Qd3+ Kg8 21. Qc4+ Kh7 22. Qd3+ Kh8 23. Ng6+ Kg8 24. Ne7+ ({But not} 24. Nxf8 Qxf8 25. g3 Nf6 $11) 24... Kh8 25. Ng6+ Kg8 26. Ne7+ Kh8 {[%emt 0:00:59] [#]} 27. Ng6+ (27. f4 $1 $16) 1/2-1/2

[Event "Seniors-LEM-50 Sachsen-Anhalt 2024"]
[Site "Magdeburg"]
[Date "2024.07.01"]
[Round "1.16"]
[White "Wahrenberg, Ralf"]
[Black "Gaul, Karl-Heinz"]
[Result "1-0"]
[ECO "D02"]
[WhiteElo "1873"]
[BlackElo "1684"]
[Annotator "NA RC"]
[PlyCount "79"]
[EventDate "2024.06.25"]
[EventType "swiss"]
[EventCountry "GER"]
[SourceTitle "playchess.com"]
[Source "ChessBase"]
[SourceQuality "1"]
[TimeControl "40/5400+30:1800+30"]

1. d4 d5 2. Nf3 Nf6 3. Bf4 g6 4. e3 Bf5 5. Be2 Nbd7 6. O-O {[%emt 0:00:00] D02: 1 d4 d5 2 Nf3 sidelines, including 2...Nf6 3 g3 and 2...Nf6 3 Bf4.} Nh5 7. Bg5 h6 8. Bh4 f6 9. Nfd2 Ng7 10. f3 e5 11. e4 Be6 12. Nb3 dxe4 13. fxe4 Bxb3 14. axb3 exd4 15. Kh1 c5 16. Bb5 g5 17. Bg3 Qb6 18. Na3 a6 19. Bxd7+ Kxd7 20. c3 Rd8 21. Nc4 Qe6 22. cxd4 Ke8 23. d5 Qf7 24. Qf3 Be7 25. d6 Nh5 26. dxe7 Nxg3+ 27. Qxg3 Qxe7 28. e5 fxe5 29. Nxe5 Rf8 30. Ng6 Rxf1+ 31. Rxf1 Qe2 32. Rf8+ $18 (32. Kg1 $142 Kd7 33. Re1 (33. Rf7+ Ke8 $18) 33... Qxb2 34. Re7+ (34. Rd1+ Kc6 $18) 34... Kc6 35. Ne5+ Kd6 36. Nc4+ (36. Rxb7 Qd4+ 37. Kf1 Qa1+ 38. Kf2 Qd4+ 39. Kf3 Qxe5 $11) 36... Kxe7 37. Qc7+ (37. Nxb2 Rd6 $18) 37... Ke8 38. Nxb2) 32... Kd7 33. Rxd8+ Kxd8 34. Qd6+ Ke8 35. h3 g4 36. Qf8+ Kd7 37. Qf5+ Kc6 38. Ne5+ Kb5 39. Qd7+ Kb4 40. Qa4# 1-0

[Event "Seniors-LEM-50 Sachsen-Anhalt 2024"]
[Site "Magdeburg"]
[Date "2024.07.02"]
[Round "2.1"]
[White "Weitz, Andreas"]
[Black "Puschendorf, Steffen"]
[Result "1-0"]
[ECO "D29"]
[WhiteElo "1936"]
[BlackElo "2067"]
[Annotator "NA RC"]
[PlyCount "77"]
[EventDate "2024.06.25"]
[EventType "swiss"]
[EventCountry "GER"]
[SourceTitle "playchess.com"]
[Source "ChessBase"]
[SourceQuality "1"]
[TimeControl "40/5400+30:1800+30"]

1. d4 d5 2. c4 e6 3. Nc3 Nf6 4. Nf3 a6 5. e3 dxc4 6. Bxc4 b5 7. Bb3 Bb7 8. O-O Nbd7 9. Qe2 c5 10. Rd1 Qc7 11. d5 c4 {[%emt 0:05:53] 11...c4 is better than 11...exd5.} 12. dxe6 fxe6 13. Bc2 {[%emt 0:00:00] D29: Queen's Gambit Accepted: Classical main line: 7 Qe2 with early ...Nbd7.} Bd6 14. e4 O-O 15. h3 Ne5 16. Nd4 Qe7 $146 ({Predecessor:} 16... Qd7 17. f4 Nd3 18. Bxd3 Bc5 19. Bc2 Bxd4+ 20. Be3 Bxe3+ 21. Qxe3 Qc6 {0-1 Stevens,C (2260)-Atakhan,A (2358) Titled Tuesday intern op 31st May Early blitz 2022 (6)}) 17. a3 Nfd7 18. f4 Nc6 19. Nxc6 Bxc6 20. e5 Bc5+ 21. Kh2 Nb6 $14 22. Ne4 Nd5 23. g3 Rad8 24. Re1 Qa7 25. Qg4 Rde8 26. Ng5 h6 27. Nxe6 Bxa3 28. Qxg7+ Qxg7 29. Nxg7 Kxg7 30. bxa3 Ne7 31. Be3 Rd8 32. Rad1 Bf3 33. Rd6 Rxd6 34. exd6 Nd5 35. Bd4+ Kf7 36. Bf5 Rd8 37. d7 Ne7 38. Be6+ Kf8 39. Bb6 1-0

[Event "Seniors-LEM-50 Sachsen-Anhalt 2024"]
[Site "Magdeburg"]
[Date "2024.07.02"]
[Round "2.2"]
[White "Hansch, Torsten"]
[Black "Schiller, Dirk"]
[Result "1/2-1/2"]
[ECO "D37"]
[WhiteElo "2047"]
[BlackElo "1885"]
[Annotator "NA RC"]
[PlyCount "156"]
[EventDate "2024.06.25"]
[EventType "swiss"]
[EventCountry "GER"]
[SourceTitle "playchess.com"]
[Source "ChessBase"]
[SourceQuality "1"]
[TimeControl "40/5400+30:1800+30"]

1. d4 d5 2. c4 e6 3. Nf3 Nf6 4. Nc3 Be7 5. Bf4 c6 6. e3 Nbd7 7. c5 b6 {[%emt 0:02:27] D37: Queen's Gambit Declined: 5 Bf4.} 8. b4 Nh5 9. Bd3 Bb7 10. O-O Nxf4 11. exf4 O-O 12. Qe2 Bf6 13. Ne5 g6 14. a4 Qc7 15. Rfc1 bxc5 16. bxc5 a6 17. a5 Rfb8 18. Na4 Bxe5 19. fxe5 Ra7 20. Nb6 Nf8 21. Rc3 Kg7 22. Rb1 Qd8 23. Rcb3 Qc7 24. Qd2 Qd8 25. Qf4 Qc7 26. h4 h6 27. Bc2 Qe7 28. Rf3 Nh7 29. Rbb3 Rf8 30. Rg3 Ba8 31. Qg4 Rc7 32. f4 Bb7 33. Qh3 f5 34. exf6+ Rxf6 $18 35. h5 g5 36. Qg4 Qf7 37. Rbf3 Kh8 38. Bg6 Qf8 39. f5 Bc8 40. Nxc8 Qxc8 41. fxe6 Qxe6 42. Qxe6 Rxe6 43. Re3 Nf8 44. Bf5 Rf6 45. Rgf3 Rb7 46. Bc8 Rb1+ 47. Kf2 Rxf3+ 48. Rxf3 Kg7 49. Ra3 Nh7 50. Bxa6 Rb4 51. Bc8 Nf6 52. a6 Ne8 53. Ke3 Nc7 54. Bd7 Nb5 55. a7 Nxa3 56. a8=Q Nc4+ 57. Kf3 Rb3+ 58. Kf2 Rb2+ 59. Kg3 Ne3 60. Bh3 Nf1+ 61. Kg4 Rf2 62. Qb7+ Rf7 63. Qxf7+ Kxf7 64. Kf5 Ne3+ 65. Ke5 Ke7 66. g4 Nc4+ 67. Kf5 Kf7 68. Bf1 Ne3+ 69. Ke5 Nxf1 70. Kd6 Ne3 71. Kxc6 Ke7 72. Kb7 Nc4 73. c6 Nd6+ 74. Kb6 Ne8 75. Kc5 Ke6 76. Kb6 Kd6 77. Kb7 Nc7 78. Kb6 Ne6 1/2-1/2

[Event "Seniors-LEM-50 Sachsen-Anhalt 2024"]
[Site "Magdeburg"]
[Date "2024.07.02"]
[Round "2.4"]
[White "Fabig, Holger"]
[Black "Wahrenberg, Ralf"]
[Result "1-0"]
[ECO "C44"]
[WhiteElo "1969"]
[BlackElo "1873"]
[Annotator "NA RC"]
[PlyCount "63"]
[EventDate "2024.06.25"]
[EventType "swiss"]
[EventCountry "GER"]
[SourceTitle "playchess.com"]
[Source "ChessBase"]
[SourceQuality "1"]
[TimeControl "40/5400+30:1800+30"]

1. e4 e5 2. d4 exd4 3. c3 dxc3 4. Nxc3 Nc6 5. Nf3 Bb4 6. Bc4 Nge7 7. Ng5 Bxc3+ 8. bxc3 Ne5 9. Bb3 O-O 10. Nxh7 Kxh7 11. Qh5+ Kg8 12. Qxe5 Nc6 13. Qg3 Qf6 14. O-O Na5 15. Bc2 d6 16. f4 Nc6 17. f5 Re8 18. Bg5 Qe5 19. Qh4 Ne7 20. Rf3 Bd7 21. Rh3 f6 22. Qh7+ Kf8 23. Bh6 gxh6 24. Rg3 Qxg3 25. hxg3 d5 26. exd5 Rad8 27. Qxh6+ Kf7 28. Bd1 Rh8 29. Bh5+ Kg8 30. Qxf6 Rxh5 31. Qxe7 Rf8 32. Qxd7 1-0

[Event "Seniors-LEM-50 Sachsen-Anhalt 2024"]
[Site "Magdeburg"]
[Date "2024.07.02"]
[Round "2.5"]
[White "Richter, Juergen"]
[Black "Klanten, Christoph"]
[Result "1/2-1/2"]
[ECO "B20"]
[WhiteElo "1841"]
[BlackElo "1968"]
[Annotator "NA RC"]
[PlyCount "45"]
[EventDate "2024.06.25"]
[EventType "swiss"]
[EventCountry "GER"]
[SourceTitle "playchess.com"]
[Source "ChessBase"]
[SourceQuality "1"]
[TimeControl "40/5400+30:1800+30"]

1. e4 c5 2. c4 Nc6 3. Ne2 d6 4. d3 Nf6 5. h3 g6 6. g4 Bg7 7. Bg2 O-O 8. O-O Bd7 9. Nbc3 a6 10. Be3 Rb8 11. Qd2 b5 12. Rab1 Qa5 13. b3 Rfd8 14. g5 Nh5 15. Nd5 Qxd2 16. Bxd2 e6 17. Ne3 Nb4 18. Bxb4 cxb4 19. Bf3 h6 20. Bxh5 gxh5 21. gxh6 Bxh6 22. Ng3 h4 23. Nh5 1/2-1/2

[Event "Seniors-LEM-50 Sachsen-Anhalt 2024"]
[Site "Magdeburg"]
[Date "2024.07.02"]
[Round "2.6"]
[White "Frankenberger, Ralf"]
[Black "Hencke, Heiko"]
[Result "1/2-1/2"]
[ECO "D05"]
[WhiteElo "1939"]
[BlackElo "1855"]
[Annotator "NA RC"]
[PlyCount "35"]
[EventDate "2024.06.25"]
[EventType "swiss"]
[EventCountry "GER"]
[SourceTitle "playchess.com"]
[Source "ChessBase"]
[SourceQuality "1"]
[TimeControl "40/5400+30:1800+30"]

1. d4 d5 2. Nf3 Nf6 3. e3 e6 4. Bd3 c5 5. c3 Bd6 6. Nbd2 O-O 7. O-O Nc6 8. Qe2 Qc7 9. h3 h6 10. Re1 Bd7 11. e4 dxe4 12. Nxe4 Nxe4 13. Qxe4 f5 14. Qe3 cxd4 15. cxd4 Nb4 16. Bd2 Nxd3 17. Qxd3 Rac8 18. Bc3 1/2-1/2

[Event "Seniors-LEM-50 Sachsen-Anhalt 2024"]
[Site "Magdeburg"]
[Date "2024.07.02"]
[Round "2.7"]
[White "Ackermann, Robert"]
[Black "Wirp, Hans-Werner"]
[Result "1/2-1/2"]
[ECO "C55"]
[WhiteElo "2041"]
[BlackElo "1841"]
[Annotator "NA RC"]
[PlyCount "27"]
[EventDate "2024.06.25"]
[EventType "swiss"]
[EventCountry "GER"]
[SourceTitle "playchess.com"]
[Source "ChessBase"]
[SourceQuality "1"]
[TimeControl "40/5400+30:1800+30"]

1. e4 e5 2. Nf3 Nc6 3. Bc4 Nf6 4. d3 Be7 5. O-O O-O 6. Bg5 d6 7. Re1 Na5 8. Bb3 h6 9. Bh4 Nh7 10. Bxe7 Qxe7 11. c3 Nxb3 12. axb3 f5 13. exf5 Bxf5 14. Qe2 1/2-1/2

[Event "Seniors-LEM-50 Sachsen-Anhalt 2024"]
[Site "Magdeburg"]
[Date "2024.07.02"]
[Round "2.8"]
[White "Kottke, Steffen"]
[Black "Buciu, Aurel-John"]
[Result "1/2-1/2"]
[ECO "B01"]
[WhiteElo "1933"]
[BlackElo "1807"]
[Annotator "NA RC"]
[PlyCount "41"]
[EventDate "2024.06.25"]
[EventType "swiss"]
[EventCountry "GER"]
[SourceTitle "playchess.com"]
[Source "ChessBase"]
[SourceQuality "1"]
[TimeControl "40/5400+30:1800+30"]

1. e4 d5 2. exd5 Qxd5 3. Nc3 Qd8 4. Bc4 Bf5 5. Qf3 Qc8 6. Bxf7+ Kxf7 7. g4 g6 8. Nge2 c6 9. gxf5 Qxf5 10. Nd4 Qxf3 11. Nxf3 Na6 12. a3 Nf6 13. d3 Nc7 14. Ng5+ Ke8 15. Bf4 Ncd5 16. Nxd5 cxd5 17. Be5 h6 18. Ne6 Kf7 19. Nd4 Bg7 20. Rg1 Nh5 21. Nf3 1/2-1/2

[Event "Seniors-LEM-50 Sachsen-Anhalt 2024"]
[Site "Magdeburg"]
[Date "2024.07.02"]
[Round "2.9"]
[White "Langner, Hans-Rainer"]
[Black "Leib, Britta"]
[Result "1-0"]
[ECO "E91"]
[WhiteElo "1730"]
[BlackElo "1920"]
[Annotator "NA RC"]
[PlyCount "131"]
[EventDate "2024.06.25"]
[EventType "swiss"]
[EventCountry "GER"]
[SourceTitle "playchess.com"]
[Source "ChessBase"]
[SourceQuality "1"]
[TimeControl "40/5400+30:1800+30"]

1. d4 Nf6 2. c4 g6 3. Nc3 Bg7 4. e4 d6 5. h3 O-O 6. Nf3 c6 7. Be2 Nbd7 8. Bf4 Qa5 9. Qd2 e5 10. dxe5 dxe5 11. Bh6 Re8 12. Bxg7 Kxg7 13. O-O Nc5 14. Qc2 Ne6 15. Rfd1 Nf4 16. Bf1 Qc7 17. b4 Qe7 18. c5 h6 19. Ne2 N6h5 20. Ng3 f6 21. Nxh5+ Nxh5 22. Nd2 Nf4 23. Nc4 Be6 24. Nd6 Red8 25. f3 Rd7 26. Rd2 Rad8 27. Rad1 Bg8 28. a4 Ne6 29. Rd3 Nd4 30. Qb2 Qe6 31. R1d2 Nb3 32. Rf2 b6 33. f4 bxc5 34. f5 Qe7 35. Rg3 g5 36. Nc4 Nd4 37. h4 Kf8 38. hxg5 hxg5 39. b5 cxb5 40. axb5 Rb7 41. Ne3 a6 42. Nd5 Bxd5 43. exd5 axb5 44. Rh3 Kg8 45. g4 c4 46. Rfh2 Qg7 47. Rh6 Nf3+ 48. Kh1 Nh4 49. R2xh4 gxh4 50. Rg6 Rdd7 51. Bg2 b4 52. Qa2 b3 53. Qa8+ Kh7 54. Rxg7+ Rxg7 55. d6 b2 56. Be4 b1=Q+ 57. Bxb1 Rxb1+ 58. Kg2 Rd1 59. Qe4 Rd4 60. Qc6 Rdxg4+ 61. Kf2 Rd4 62. Qe8 Rg8 63. Qh5+ Kg7 64. Qg6+ Kf8 65. Qxf6+ Ke8 66. Qe7# 1-0

[Event "Seniors-LEM-50 Sachsen-Anhalt 2024"]
[Site "Magdeburg"]
[Date "2024.07.02"]
[Round "2.10"]
[White "Janeke, Thomas"]
[Black "Anderberg, Peter"]
[Result "0-1"]
[ECO "A29"]
[WhiteElo "1764"]
[BlackElo "1909"]
[Annotator "NA RC"]
[PlyCount "44"]
[EventDate "2024.06.25"]
[EventType "swiss"]
[EventCountry "GER"]
[SourceTitle "playchess.com"]
[Source "ChessBase"]
[SourceQuality "1"]
[TimeControl "40/5400+30:1800+30"]

1. c4 e5 2. Nc3 Nf6 3. Nf3 Nc6 4. g3 Bb4 5. Nd5 e4 6. Ng5 {[%emt 0:00:30] A29: English Opening: Four Knights Variation with 4 g3.} Nxd5 7. cxd5 Qxg5 8. dxc6 e3 9. cxd7+ Bxd7 10. Bg2 exf2+ 11. Kxf2 Bc5+ 12. e3 O-O-O 13. Rf1 Bb5 14. Re1 Rhe8 15. Qb3 Bb6 16. a4 Ba6 17. Qc3 Rd6 18. b4 Rf6+ 19. Kg1 Qf5 20. Rf1 Bxf1 21. Bb2 Qf2+ 22. Kh1 Bxg2# 0-1

[Event "Seniors-LEM-50 Sachsen-Anhalt 2024"]
[Site "Magdeburg"]
[Date "2024.07.02"]
[Round "2.11"]
[White "Korte, Markus"]
[Black "Scheunemann, Uwe"]
[Result "1-0"]
[ECO "B07"]
[WhiteElo "1895"]
[BlackElo "1764"]
[Annotator "NA RC"]
[PlyCount "39"]
[EventDate "2024.06.25"]
[EventType "swiss"]
[EventCountry "GER"]
[SourceTitle "playchess.com"]
[Source "ChessBase"]
[SourceQuality "1"]
[TimeControl "40/5400+30:1800+30"]

1. e4 d6 2. d4 Nf6 3. Nc3 Nbd7 4. f4 e6 5. Nf3 c6 6. Bd3 {[%emt 0:07:42] B07: Pirc Defence: Miscellaneous Systems.} b5 7. e5 dxe5 8. fxe5 Ng8 9. Ng5 Nh6 10. O-O Nb6 11. Qf3 Qd7 12. Bxh7 Bb7 13. Nxf7 Rxh7 14. Nxh6 O-O-O 15. Nf7 Re8 16. Qd3 g6 $18 (16... Rh4 $142 17. Ne4 Rxe4) 17. Ng5 Rg7 18. Nce4 Rd8 19. Nf6 Qe7 20. Qh3 1-0

[Event "Seniors-LEM-50 Sachsen-Anhalt 2024"]
[Site "Magdeburg"]
[Date "2024.07.02"]
[Round "2.12"]
[White "Mitschka, Manfred"]
[Black "Remstedt, Ute"]
[Result "1-0"]
[ECO "E51"]
[WhiteElo "1863"]
[BlackElo "1710"]
[Annotator "NA RC"]
[PlyCount "63"]
[EventDate "2024.06.25"]
[EventType "swiss"]
[EventCountry "GER"]
[SourceTitle "playchess.com"]
[Source "ChessBase"]
[SourceQuality "1"]
[TimeControl "40/5400+30:1800+30"]

1. d4 d5 2. Nf3 Nc6 3. c4 Nf6 4. Nc3 e6 5. e3 Bb4 6. Bd2 O-O 7. Bd3 Re8 8. a3 Bxc3 9. Bxc3 a6 10. O-O dxc4 11. Bxc4 Ne4 12. Be1 Qf6 13. Nd2 Nd6 14. Ba2 b5 15. Nb3 Nb7 16. Rc1 Bd7 17. f4 Rac8 18. Qf3 Ncd8 19. Rf2 c6 20. Bc3 Qe7 21. Qg3 f6 22. Bb1 c5 23. Rfc2 c4 24. Nd2 Qd6 25. Ne4 Qf8 26. Bb4 Qf7 27. Bc3 Bc6 28. d5 exd5 29. Nxf6+ Kh8 30. Nxe8 Bxe8 31. Rd2 Bc6 32. Qh3 1-0

[Event "Seniors-LEM-50 Sachsen-Anhalt 2024"]
[Site "Magdeburg"]
[Date "2024.07.02"]
[Round "2.13"]
[White "Wulff, Jens-Peter"]
[Black "Ehrich, Dieter"]
[Result "1/2-1/2"]
[ECO "A02"]
[WhiteElo "1827"]
[BlackElo "1719"]
[Annotator "NA RC"]
[PlyCount "83"]
[EventDate "2024.06.25"]
[EventType "swiss"]
[EventCountry "GER"]
[SourceTitle "playchess.com"]
[Source "ChessBase"]
[SourceQuality "1"]
[TimeControl "40/5400+30:1800+30"]

1. f4 c5 2. e3 e6 3. Be2 Nc6 4. Nf3 Nf6 5. O-O d5 6. d3 Bd6 7. b3 O-O 8. h3 Re8 9. Bb2 e5 10. Nh2 exf4 11. exf4 Qe7 12. Bxf6 Qxf6 13. c3 Bxf4 14. Ng4 Qd6 15. Na3 a6 16. Nc2 f5 17. Nf2 Qg6 18. Nh1 Qd6 19. Rf3 Bg5 20. d4 cxd4 21. cxd4 f4 22. a3 Ne7 23. Bd3 Nf5 24. Rf1 g6 25. Bxf5 Bxf5 26. Ne1 Be4 27. Nf2 Bh4 28. Ng4 Bxe1 29. Rxe1 Rf8 30. Ne5 Rac8 31. Rc1 Qxa3 32. Rxc8 Rxc8 33. Nd7 Kg7 34. Nc5 Re8 35. Qd2 a5 36. Qxf4 b6 37. Qc7+ Kh6 38. Nxe4 Rxe4 39. Rxe4 dxe4 40. Qf4+ Kg7 41. Qxe4 Qxb3 42. Qe5+ 1/2-1/2

[Event "Seniors-LEM-50 Sachsen-Anhalt 2024"]
[Site "Magdeburg"]
[Date "2024.07.02"]
[Round "2.14"]
[White "Gaertig, Johannes"]
[Black "Giesenberg, Angela"]
[Result "0-1"]
[ECO "A48"]
[WhiteElo "1687"]
[BlackElo "1827"]
[Annotator "NA RC"]
[PlyCount "84"]
[EventDate "2024.06.25"]
[EventType "swiss"]
[EventCountry "GER"]
[SourceTitle "playchess.com"]
[Source "ChessBase"]
[SourceQuality "1"]
[TimeControl "40/5400+30:1800+30"]

1. d4 Nf6 2. Nf3 g6 3. Bf4 d6 4. e3 Bg7 5. Bb5+ c6 6. Ba4 Qa5+ 7. Nc3 Ne4 8. O-O Nxc3 9. Bb3 Nd5 10. c3 Nxf4 11. exf4 O-O 12. Ng5 d5 13. h4 h6 14. Nf3 Bg4 15. Qd3 Nd7 16. Nh2 Bf5 17. Qe3 Qc7 18. Rfe1 Rae8 19. Nf3 a5 20. a4 Nf6 21. Ne5 Nd7 22. Rac1 Nxe5 23. fxe5 e6 24. c4 f6 25. f4 fxe5 26. dxe5 Qe7 27. Qg3 Kh7 28. cxd5 cxd5 29. Re3 Rc8 30. Rec3 Rxc3 31. Rxc3 d4 32. Rc1 d3 33. Bd1 Qb4 34. b3 Qd2 35. Ra1 Qb2 36. h5 Qxa1 37. hxg6+ Bxg6 38. Qg4 Qd4+ 39. Kh1 Qxf4 40. Qxe6 Qh4+ 41. Qh3 Qxh3+ 42. gxh3 Rf1+ 0-1

[Event "Seniors-LEM-50 Sachsen-Anhalt 2024"]
[Site "Magdeburg"]
[Date "2024.07.02"]
[Round "2.15"]
[White "Meffert, Claudia"]
[Black "Ahrens, Gunnar"]
[Result "1/2-1/2"]
[ECO "D06"]
[WhiteElo "1811"]
[BlackElo "1750"]
[Annotator "NA RC"]
[PlyCount "92"]
[EventDate "2024.06.25"]
[EventType "swiss"]
[EventCountry "GER"]
[SourceTitle "playchess.com"]
[Source "ChessBase"]
[SourceQuality "1"]
[TimeControl "40/5400+30:1800+30"]

1. d4 Nc6 2. c4 d5 3. Nf3 Bf5 4. Nc3 e6 5. Bf4 Bb4 6. e3 Nge7 7. Rc1 dxc4 8. Bxc4 Nd5 9. Bg3 Bg4 10. O-O O-O 11. a3 Nxc3 12. bxc3 Bxa3 13. Rb1 Rb8 14. Be2 Bd6 15. Qa4 Bxg3 16. hxg3 Qd6 17. Rfc1 b6 18. Bb5 Bxf3 19. gxf3 Na5 20. Rb2 c6 21. Bd3 Rfc8 22. Ba6 Rd8 23. Be2 Qc7 24. Ra1 Rd6 25. Qb4 Rbd8 26. f4 Rc8 27. Ba6 Ra8 28. Be2 Qd8 29. Bf3 Rc8 30. Qa4 c5 31. Kg2 cxd4 32. cxd4 g6 33. Qb5 Rd7 34. Be4 Rdc7 35. Rbb1 Nc4 36. Bd3 Qe7 37. Qa6 Qd6 38. Bxc4 Rxc4 39. Qxa7 Qd5+ 40. Kg1 b5 41. Qa5 h5 42. Qe1 Rc2 43. Qd1 Qc4 44. Qf1 b4 45. Qxc4 R8xc4 46. Kf1 Rd2 1/2-1/2

[Event "Seniors-LEM-50 Sachsen-Anhalt 2024"]
[Site "Magdeburg"]
[Date "2024.07.02"]
[Round "2.16"]
[White "Schoknecht, Sabine"]
[Black "Gaul, Karl-Heinz"]
[Result "0-1"]
[ECO "A00"]
[WhiteElo "1836"]
[BlackElo "1684"]
[Annotator "NA RC"]
[PlyCount "96"]
[EventDate "2024.06.25"]
[EventType "swiss"]
[EventCountry "GER"]
[SourceTitle "playchess.com"]
[Source "ChessBase"]
[SourceQuality "1"]
[TimeControl "40/5400+30:1800+30"]

1. e3 e5 2. Be2 d5 3. d3 Nf6 4. b3 Bb4+ 5. Nd2 Bc3 6. Rb1 c5 7. Ngf3 e4 8. dxe4 dxe4 9. Ng5 h6 10. Nh3 Bxh3 11. gxh3 Nc6 12. a3 Ne5 13. Rg1 Qd7 14. Rg3 O-O-O 15. b4 c4 16. b5 Qf5 17. Kf1 Rd5 18. Bg4 Nfxg4 19. hxg4 Qf6 20. Qe2 Bxd2 21. Bxd2 Rhd8 22. Bc3 Qd6 23. Bxe5 Qxe5 24. Qxc4+ Kb8 25. Rb4 f5 26. gxf5 Qa1+ 27. Kg2 Rxf5 28. Qxe4 Qf6 29. Rf3 Rg5+ 30. Rg3 Rf5 31. f4 g6 32. Rd4 Rc8 33. c4 g5 34. h3 Qf8 35. a4 Rcc5 36. Qd3 Rc8 37. a5 Rfc5 38. Rf3 Qg8 39. Rf2 gxf4+ 40. Kf1 Rxc4 41. Rdxf4 Rc1+ 42. Ke2 R1c2+ 43. Kf3 Rxf2+ 44. Kxf2 Qa2+ 45. Kf3 Qxa5 46. Qd6+ Qc7 47. Qxh6 Qd7 48. Qh5 Qd1+ 0-1

[Event "Seniors-LEM-50 Sachsen-Anhalt 2024"]
[Site "Magdeburg"]
[Date "2024.07.05"]
[Round "5.1"]
[White "Hoffmann, Uwe"]
[Black "Fabig, Holger"]
[Result "1/2-1/2"]
[ECO "A40"]
[WhiteElo "2013"]
[BlackElo "1969"]
[Annotator "RC"]
[PlyCount "35"]
[EventDate "2024.06.25"]
[EventType "swiss"]
[EventCountry "GER"]
[SourceTitle "playchess.com"]
[Source "ChessBase"]
[SourceQuality "1"]
[TimeControl "40/5400+30:1800+30"]

1. d4 e6 2. c4 b6 3. e4 Bb7 4. Bd3 Bb4+ 5. Nc3 f5 6. Qc2 Nf6 7. f3 Nc6 8. Nge2 e5 9. dxe5 Nxe5 10. exf5 Nxd3+ 11. Qxd3 Qe7 12. Bd2 O-O-O 13. O-O-O d5 14. cxd5 Bxc3 15. Nxc3 Nxd5 16. Nxd5 Rxd5 17. Qc2 Rf8 18. f6 1/2-1/2

[Event "Seniors-LEM-50 Sachsen-Anhalt 2024"]
[Site "Magdeburg"]
[Date "2024.07.05"]
[Round "5.2"]
[White "Hansch, Torsten"]
[Black "Kottke, Steffen"]
[Result "1-0"]
[ECO "D37"]
[WhiteElo "2047"]
[BlackElo "1933"]
[Annotator "NA RC"]
[PlyCount "57"]
[EventDate "2024.06.25"]
[EventType "swiss"]
[EventCountry "GER"]
[SourceTitle "playchess.com"]
[Source "ChessBase"]
[SourceQuality "1"]
[TimeControl "40/5400+30:1800+30"]

1. d4 d5 2. Nf3 e6 3. c4 Nf6 4. Nc3 Be7 5. Bf4 c6 6. e3 O-O 7. c5 Ne4 8. Nxe4 dxe4 9. Nd2 f5 10. Bc4 b6 11. b4 a5 12. a3 b5 13. Be2 Nd7 14. f3 exf3 15. Bxf3 Bb7 16. Qb3 Kf7 17. O-O Nf6 18. Be5 Qd7 19. e4 g6 20. g4 axb4 21. gxf5 bxa3 22. fxg6+ hxg6 23. Bg4 Bc8 24. Rxa3 Rxa3 25. Qxa3 Kg8 26. Bd1 Ne8 27. Qg3 Rxf1+ 28. Nxf1 Kh7 29. Qh3+ 1-0

[Event "Seniors-LEM-50 Sachsen-Anhalt 2024"]
[Site "Magdeburg"]
[Date "2024.07.05"]
[Round "5.3"]
[White "Korte, Markus"]
[Black "Ackermann, Robert"]
[Result "1/2-1/2"]
[ECO "C54"]
[WhiteElo "1895"]
[BlackElo "2041"]
[Annotator "NA RC"]
[PlyCount "86"]
[EventDate "2024.06.25"]
[EventType "swiss"]
[EventCountry "GER"]
[SourceTitle "playchess.com"]
[Source "ChessBase"]
[SourceQuality "1"]
[TimeControl "40/5400+30:1800+30"]

1. e4 e5 2. Nf3 Nc6 3. Bc4 Nf6 4. d3 Bc5 5. O-O d6 6. c3 Bb6 7. Be3 O-O 8. Nbd2 h6 9. h3 Be6 10. Re1 Bxe3 11. Rxe3 Qd7 12. d4 Bxc4 13. Nxc4 exd4 14. cxd4 Rfe8 15. d5 Ne7 16. Qd4 Ng6 17. Rd1 a6 18. e5 dxe5 19. Nfxe5 Nxe5 20. Nxe5 Qf5 21. Rde1 Rad8 22. Ng4 Rxe3 23. Nxe3 Qd7 24. g4 c6 25. Nf5 cxd5 26. Nxh6+ Kf8 27. Nf5 Re8 28. Rxe8+ Nxe8 29. Qc5+ Kg8 30. Ne7+ Kh8 31. Nxd5 Qe6 32. Nf4 Qe1+ 33. Kh2 Kg8 34. Nd5 Qe5+ 35. Kg2 Qe4+ 36. Kg3 Qe5+ 37. f4 Qxb2 38. Qe7 Qb5 39. Qe5 Qd3+ 40. Kh4 Qh7+ 41. Kg3 Qd3+ 42. Kh4 Qh7+ 43. Kg3 Qd3+ 1/2-1/2

[Event "Seniors-LEM-50 Sachsen-Anhalt 2024"]
[Site "Magdeburg"]
[Date "2024.07.05"]
[Round "5.4"]
[White "Puschendorf, Steffen"]
[Black "Mitschka, Manfred"]
[Result "1-0"]
[ECO "A40"]
[WhiteElo "2067"]
[BlackElo "1863"]
[Annotator "NA RC"]
[PlyCount "107"]
[EventDate "2024.06.25"]
[EventType "swiss"]
[EventCountry "GER"]
[SourceTitle "playchess.com"]
[Source "ChessBase"]
[SourceQuality "1"]
[TimeControl "40/5400+30:1800+30"]

1. d4 e6 2. c4 b6 3. a3 Bb7 4. Nc3 f5 5. Nh3 Nf6 6. f3 {[%emt 0:00:51] A40: Unusual replies to 1 d4.} d5 7. e3 c5 8. Nf4 Qd7 9. cxd5 exd5 10. Bb5 Bc6 11. Bxc6 Nxc6 12. O-O Rd8 {[%emt 0:08:42] [#]} 13. e4 $1 Nxd4 14. Nfxd5 Nxd5 15. Nxd5 Be7 16. Be3 O-O 17. Bxd4 cxd4 18. Rc1 Bd6 19. Qd3 fxe4 20. fxe4 Qe6 21. g3 $11 (21. Qxd4 $2 {loses.} Qh6 22. g3 Rxf1+ 23. Kxf1 Qxc1+ $19) 21... Rxf1+ 22. Rxf1 Re8 23. Re1 Rf8 24. Kg2 Be5 25. Rf1 Rxf1 26. Qxf1 h5 27. b3 h4 28. Qf5 Qxf5 29. exf5 hxg3 30. hxg3 Kf7 31. g4 g6 32. Kf3 gxf5 33. gxf5 Bd6 34. a4 Bf8 35. Ke4 Bg7 36. b4 Ke8 37. f6 Bf8 38. Kxd4 Kd7 39. b5 Ke6 40. Ke4 Bd6 41. Kd4 Bc5+ 42. Kc4 Bd6 43. Kd4 Bc5+ 44. Ke4 Bd6 45. Ne3 Bc5 46. Nc4 Bb4 47. Ne5 Kxf6 48. Kd5 Bc5 49. Nc6 Kf7 50. Nxa7 Ke7 51. Kc6 Kd8 52. a5 bxa5 53. Kxc5 Kc7 54. Nc6 1-0